 Dungeon Crawl Stone Soup version 0.26-b1-32-g5d43845318 (webtiles) character file.

Game seed: 13783559572761465421

64 MajorAdolf the Sneak (level 4, 0/39 HPs)
             Began as a Naga Wanderer on Jan 10, 2021.
             Killed from afar by a white imp (9 damage)
             ... with a puff of frost
             ... on level 2 of the Dungeon.
             The game lasted 00:02:03 (1705 turns).

MajorAdolf the Sneak (Naga Wanderer)                Turns: 1705, Time: 00:02:03

Health: 0/39       AC:  4    Str: 12    XL:     4   Next: 12%
Magic:  4/4        EV:  9    Int: 15    God:
Gold:   24         SH:  0    Dex: 11    Spells: 3/3 levels left

rFire    . . .     SeeInvis +   a - +2 quarterstaff
rCold    . . .     Faith    .   (shield currently unavailable)
rNeg     . . .     Spirit   .   c - +0 robe
rPois    +         Reflect  .   l - +1 helmet
rElec    .         Harm     .   (no cloak)
rCorr    .         Rampage  .   (no gloves)
Will     .....                  (no barding)
Stlth    ++........             (no amulet)
HPRegen  0.13/turn              (no ring)
MPRegen  0.09/turn              (no ring)

@: very slow
A: large, see invisible, deformed body, poison resistance, slowness 2, spit
poison 1, AC +1
a: Spit Poison


You were on level 2 of the Dungeon.
You visited 1 branch of the dungeon, and saw 2 of its levels.

You collected 24 gold pieces.

Inventory:

Hand Weapons
 a - a +2 quarterstaff (weapon)
 d - a +0 dagger
 j - a +0 hand axe
Armour
 c - a +0 robe (worn)
 l - a +1 helmet (worn)
Jewellery
 o - an uncursed ring of magical power {unknown}
Scrolls
 e - a scroll of teleportation {unknown}
 f - a scroll of enchant weapon {unknown}
 i - a scroll of remove curse {unknown}
 m - a scroll of identify {unknown}
 n - 2 scrolls of fog {unknown}
Potions
 b - 2 potions of curing
 g - a potion of might {unknown}
 h - 2 potions of mutation {unknown}
 k - a potion of ambrosia {unknown}
 p - 2 potions of resistance {unknown}


   Skills:
 + Level 2.1 Fighting
 + Level 1.3 Axes
 - Level 3.0 Staves
 + Level 1.2 Armour
 + Level 1.2 Dodging
 - Level 4.5 Stealth
 - Level 2.0 Hexes
 - Level 1.0 Translocations


You had 3 spell levels left.
You didn't know any spells.
Your spell library contained the following spells:

 Spells                   Type           Power        Failure   Level
 Corona                   Hex            6%           12%         1
 Ensorcelled Hibernation  Hex/Ice        6%           26%         2
 Confusing Touch          Hex            6%           34%         3
 Tukima's Dance           Hex            6%           34%         3
 Dazzling Flash           Conj/Hex       6%           47%         3


Dungeon Overview and Level Annotations

Branches:
Dungeon (2/15)

Altars:
Trog
Yredelemnul


Innate Abilities, Weirdness & Mutations

You cannot wear boots.
Your serpentine skin is tough. (AC +1)
You have supernaturally acute eyesight. (SInv)
Armour fits poorly on your strangely shaped body.
Your system is resistant to poisons. (rPois)
You cover ground very slowly.
You can spit poison.


Message History

The white imp completely misses you. The white imp barely misses you.
You barely miss the white imp.
The white imp is moderately wounded.
The white imp hits you. The white imp freezes you.
* * * LOW HITPOINT WARNING * * *
You hit the white imp.
The white imp is moderately wounded.
You have got your breath back.
The white imp completely misses you.
You hit the white imp but do no damage.
The white imp is moderately wounded.
The white imp barely misses you.
You barely miss the white imp.
The white imp is moderately wounded.
The white imp hits you but does no damage.
You barely miss the white imp.
The white imp is moderately wounded.
The white imp gestures at you. The puff of frost hits you!
You die...

######## #.# #.# #.#
#### #.## ##..# ###..
##...# # ..###....# #
#∩#...#.# ##
##5..##.# .###
###.@.###.# ...#
#...)###..# ##.#
####_..####.##
##.#####
#..#..##....#
.......#
#..####....##
......(###..........#
.<....)##..##########
.......##.##
..#######.#


You could see a white imp.

Vanquished Creatures
  A gnoll (D:2)
  An ooze (D:2)
  2 dart slugs (D:2)
  2 leopard geckos (D:1)
  4 bats (D:1)
  2 giant cockroaches (D:1)
  8 goblins
  2 hobgoblins (D:1)
  6 jackals (D:1)
  3 kobolds (D:1)
  2 ball pythons (D:1)
  4 frilled lizards
  4 rats (D:1)
41 creatures vanquished.

Notes
Turn   | Place    | Note
-------+----------+-------------------------------------------
     0 | D:1      | MajorAdolf the Naga Wanderer began the quest for the Orb.
     0 | D:1      | MajorAdolf set off with the following items: a +2
                  | quarterstaff, 2 potions of curing, a +0 robe, a +0 dagger
     0 | D:1      | Reached XP level 1. HP: 18/18 MP: 1/1
   225 | D:1      | Reached XP level 2. HP: 20/25 MP: 2/2
   680 | D:1      | Reached XP level 3. HP: 32/32 MP: 3/3
   688 | D:1      | Reached skill level 1 in Axes
   859 | D:1      | Reached skill level 1 in Dodging
  1021 | D:1      | Reached skill level 1 in Armour
  1251 | D:2      | Found a basalt altar of Yredelemnul.
  1594 | D:2      | Found a bloodstained altar of Trog.
  1604 | D:2      | Reached XP level 4. HP: 6/39 MP: 4/4
  1705 | D:2      | Killed from afar by a white imp

Illustrated notes

Levels and vault maps discovered:
D:1:      dpeg_arrival_three_same_balls, layout_loops_ring,
          chequers_serial_rivers_micro_d, serial_bayou_pond_d,
          wad_floor_pattern_1, minmay_split_cup_large
D:2:      layout_rooms, nzn_overflow_gifts_of_might_and_magic,
          yredelemnul_altar_generic

Skill      XL: |  1  2  3 |
---------------+----------+-----
Axes           | 1 |  1.3
Dodging        | 1 |  1.2
Armour         | 1 |  1.2
Fighting       | 2 |  2.1
Staves         | |  3.0
Stealth        | |  4.5
Hexes          | |  2.0
Translocations | |  1.0

Action                   |  1- 3 |  4- 6 || total
-------------------------+-------+-------++-------
Melee: Quarterstaff      |    75 |     5 ||    80
 Abil: Spit Poison       |     2 |     1 ||     3
  Use: Potion            |       |     1 ||     1
 Stab: Sleeping          |     8 |       ||     8
       Distracted        |     1 |       ||     1
Armor: Robe              |    31 |     1 ||    32
Dodge: Dodged            |    48 |     4 ||    52
